 Dungeon Crawl Stone Soup version 0.18.1-48-g4cf74bf (console) character file.

219 Kloppie the Chopper (level 5, 0/75 HPs)
             Began as a Hill Orc Berserker on Sept 3, 2016.
             Was a Priest of Trog.
             Slain by an ogre
             ... wielding a +0 giant club
              (4 damage)
             ... on level 4 of the Dungeon.
             The game lasted 00:03:31 (2827 turns).

Kloppie the Chopper (Hill Orc Berserker)            Turns: 2827, Time: 00:03:32

Health: 0/75       AC:  7    Str: 25    XL:     5   Next: 96%
Magic:  5/5        EV: 10    Int:  7    God:    Trog [***...]
Gold:   118        SH:  0    Dex: 11    Spells: 0 memorised, 4 levels left

rFire  . . .     SeeInvis .     a - +0 hand axe
rCold  . . .     Gourm    .     h - +0 scale mail (curse)
rNeg   . . .     Faith    .     (no shield)
rPois  .         Spirit   .     (no helmet)
rElec  .         Dismiss  .     t - +0 cloak
rCorr  .         Reflect  .     (no gloves)
SustAt .         Harm     .     (no boots)
MR     .....                    (no amulet)
Stlth  ..........               (no ring)
                                (no ring)

@: berserking, very quick, not resistant to hostile enchantments, extremely
unstealthy
A: no striking features
a: Berserk, Trog's Hand, Burn Spellbooks, Renounce Religion


You were on level 4 of the Dungeon.
You worshipped Trog.
Trog was most pleased with you.
You were hungry.

You visited 1 branch of the dungeon, and saw 4 of its levels.

You collected 118 gold pieces.

Inventory:

Hand Weapons
 a - a +0 hand axe (weapon)
Missiles
 i - 7 curare-tipped needles
Armour
 h - a cursed +0 scale mail (worn)
 t - a +0 cloak (worn)
Jewellery
 e - an uncursed ring of protection from cold {unknown}
 q - an uncursed amulet of regeneration {unknown}
Scrolls
 b - a scroll of random uselessness {unknown}
 d - a scroll of enchant weapon {unknown}
 j - a scroll of identify {unknown}
 k - 2 scrolls of teleportation {unknown}
 l - a scroll of fear {unknown}
Potions
 f - a potion of heal wounds {unknown}
 m - a potion of flight {unknown}
 n - a potion of curing {unknown}
 r - a potion of haste {unknown}
 s - 2 potions of ambrosia {unknown}
Comestibles
 c - 3 bread rations
 g - a beef jerky
 o - a royal jelly
 p - 3 meat rations


   Skills:
 + Level 6.1 Fighting
 + Level 6.5 Axes
 - Level 2.1 Armour
 - Level 1.5 Dodging


You had 4 spell levels left.
You didn't know any spells.

Dungeon Overview and Level Annotations

Branches:
Dungeon (4/15)
 Temple: D:4-7

Altars:
Okawaru


Message History

You are too injured to fight recklessly!
You are too injured to fight recklessly!
You are too injured to fight recklessly!
You are too injured to fight recklessly!
You are too injured to fight recklessly!
You completely miss the ogre.
The ogre is heavily wounded.
You barely miss the ogre.
The ogre is heavily wounded.
The ogre hits you with a giant club!!
* * * LOW HITPOINT WARNING * * *
You barely miss the ogre.
The ogre is heavily wounded.
You barely miss the ogre.
The ogre is heavily wounded.
The ogre barely misses you.
You barely miss the ogre.
The ogre is heavily wounded.
The ogre hits you with a giant club.
You die...

...# ...# ....... ...#
#####....... ...# #.
#..........#
...######.###...........
........................
......##.)..............
##....##$.......)[.....#
##....# #......@....).#
....#### #.......O.....#
.......# #....=†.......#
....##.# #...##.......##
....##.# #...##.......#
....##.###.............#
....................[#.#
.....................#.#
.....................#


You could see an ogre.

Vanquished Creatures
  The ghost of Leafly the Skirmisher, a weakling DsFi (D:3)
  A howler monkey (D:4)
  Crazy Yiuf (D:3)
  A gnoll (D:1)
  2 adders (D:2)
  A worm (D:3)
  3 giant geckos
  An orc (D:4)
  9 bats
  4 giant cockroaches
  8 goblins
  4 hobgoblins
  13 jackals
  3 quokkas
  6 giant newts
  8 kobolds
  4 rats
70 creatures vanquished.

Notes
Turn   | Place    | Note
--------------------------------------------------------------
     0 | D:1      | Kloppie the Hill Orc Berserker began the quest for the Orb.
     0 | D:1      | Reached XP level 1. HP: 19/19 MP: 1/1
    46 | D:1      | Reached XP level 2. HP: 15/27 MP: 2/2
   437 | D:1      | Reached XP level 3. HP: 23/33 MP: 3/3
   521 | D:1      | Reached ** piety under Trog
  1130 | D:2      | Reached skill level 5 in Axes
  1222 | D:2      | Reached skill level 5 in Fighting
  1222 | D:2      | Reached XP level 4. HP: 28/42 MP: 4/4
  1773 | D:3      | Noticed Leafly's ghost (weakling DsFi)
  1789 | D:3      | Reached *** piety under Trog
  1800 | D:3      | Killed Leafly's ghost
  1800 | D:3      | Reached XP level 5. HP: 48/48 MP: 5/5
  1839 | D:3      | Found an iron altar of Okawaru.
  2136 | D:3      | Noticed Crazy Yiuf
  2143 | D:3      | Killed Crazy Yiuf
  2811 | D:4      | Noticed an ogre
  2827 | D:4      | Slain by an ogre

Skill      XL: |  1  2  3  4  5 |
---------------+----------------+-----
Fighting       | 4 5 6 |  6.1
Axes           | 5 6 |  6.5
Armour         | |  2.1
Dodging        | |  1.5

Action                   |  1- 3 |  4- 6 || total
-------------------------+-------+-------++-------
Melee: Hand axe          |   126 |   130 ||   256
Invok: Berserk           |     2 |     3 ||     5
       Trog's Hand       |       |     1 ||     1
  Eat: Chunk             |     2 |     8 ||    10
Armor: Animal skin       |     4 |       ||     4
       Scale mail        |    57 |    47 ||   104
Dodge: Dodged            |    97 |    69 ||   166
